 Dungeon Crawl Stone Soup version 0.29.1-15-g9cfb28693d (webtiles) character file.

Game seed: 18183224740854554101

13 ces the Trooper (level 2, 33/33 HPs)
             Began as an Ogre Berserker on Mar 15, 2023.
             Was a Follower of Trog.
             Got out of the dungeon alive.
             The game lasted 00:01:28 (409 turns).

ces the Trooper (Ogre Berserker)                     Turns: 409, Time: 00:01:29

Health: 33/33      AC:  3    Str: 20    XL:     2   Next: 37%
Magic:  2/2        EV: 10    Int:  8    God:    Trog [*.....]
Gold:   31         SH:  0    Dex:  8    Spells: 1/1 levels left

rFire   . . .      SeeInvis .   a - +0 hand axe
rCold   . . .      Faith    .   (no shield)
rNeg    . . .      Spirit   .   b - +0 animal skin
rPois   .          Reflect  .   (helmet restricted)
rElec   .          Harm     .   (no cloak)
rCorr   .          Rampage  .   (gloves unavailable)
Will    .....                   (boots unavailable)
Stlth   +.........              (no amulet)
HPRegen 0.11/turn               (no ring)
MPRegen 0.08/turn               (no ring)

@: no status effects
A: large, unfitting armour, tough skin 1
a: Renounce Religion, Berserk


You escaped.
You worshipped Trog.
Trog was aware of your devotion.
You visited 1 branch of the dungeon, and saw 1 of its levels.

You collected 31 gold pieces.

Inventory:

Hand Weapons
 a - a +0 hand axe (weapon)
Armour
 b - a +0 animal skin (worn)
Scrolls
 d - 2 scrolls of identify {unknown}
 f - a scroll of brand weapon {unknown}
Potions
 c - a potion of magic {unknown}
 e - a potion of heal wounds {unknown}
 g - a potion of brilliance {unknown}
 h - a potion of flight {unknown}
 i - a potion of mutation {unknown}


   Skills:
 + Level 4.3 Fighting
 * Level 3.3 Axes
 + Level 2.9 Dodging


You had one spell level left.
You didn't know any spells.
Your spell library was empty.

Dungeon Overview and Level Annotations

Branches:
Dungeon (1/15)

Altars:


Innate Abilities, Weirdness & Mutations

You are too large for most types of armour.
You have tough skin. (AC +1)


Message History

Trog accepts your kill.
No target in view!
No target in view!
You now have 31 gold pieces (gained 6).
Found a cloak.
Found 4 stones.
Found 4 poisoned darts.
d - 2 scrolls labelled MOGAEG ECANG (gained 1)
Found a stone staircase leading down.
h - a golden potion
There is a stone staircase leading down here.
A ball python comes into view.
You see here a red potion.
Found 2 clear potions.
Found a stone staircase leading down.
The helpless ball python fails to defend itself.
You slash the ball python!
You kill the ball python!
Trog accepts your kill.
No target in view!
No target in view!
i - a red potion A ball python comes into view.
A ball python is nearby!
A ball python is nearby!
A ball python is nearby!
The ball python barely misses you.
You closely miss the ball python.
The ball python bites you but does no damage.
You closely miss the ball python. The ball python bites you.
You completely miss the ball python. The ball python bites you.
The ball python completely misses you.
You hit the ball python.
You kill the ball python!
Trog accepts your kill.
There is a shaft here.
There is an open door here.
There is a fountain of clear blue water here.
There is a staircase leading out of the dungeon here.
Are you sure you want to leave the Dungeon?
This will make you lose the game!
You have escaped!

#..........###.........#...##...
#..........# #................#.
#..........###..........##...##.
#.........###..........#####..#.
#...........#..........#####..##
#.........#.........#........###
#.........##..#'#..##..#######
#..........####⌠####...#
#........8..++⌠@⌠++..8##
##.........####⌠####..#
##.....#.##..#+#..##.#
#####.#.#.........#.#
#.#...##...##.[.#
#....############ ######


There were no monsters in sight!

Vanquished Creatures
  4 ball pythons (D:1)
  A giant cockroach (D:1)
  2 hobgoblins (D:1)
  A kobold (D:1)
  2 bats (D:1)
  3 rats (D:1)
13 creatures vanquished.

Notes
Turn   | Place    | Note
-------+----------+-------------------------------------------
     0 | D:1      | ces the Ogre Berserker began the quest for the Orb.
     0 | D:1      | Reached XP level 1. HP: 24/24 MP: 1/1
   203 | D:1      | Reached XP level 2. HP: 32/32 MP: 2/2
   409 | D:$      | Got out of the dungeon alive.

Illustrated notes

Levels and vault maps discovered:
D:1:      grunt_arrival_crossed_arrows, layout_rooms, minmay_misc_feat_five,
          minmay_misc_feat_roman

Action                   || total
-------------------------++-------
Melee: Hand axe          ||    33
 Stab: Sleeping          ||     1
Armor: Animal skin       ||    11
Dodge: Dodged            ||    17
